 Dungeon Crawl Stone Soup version 0.16-a0-3049-g2a447e9 (webtiles) character file.

1225 Herrn the Skirmisher (level 8, -4/65 HPs)
             Began as a Formicid Fighter on Dec 9, 2014.
             Slain by Prince Ribbit (11 damage)
             ... on level 6 of the Dungeon.
             The game lasted 00:18:36 (5516 turns).

Herrn the Skirmisher (Formicid Fighter)             Turns: 5516, Time: 00:18:37

Health: -4/65      AC: 13    Str: 24    XL:     8   Next: 76%
Magic:  11/11      EV:  8    Int:  7    God:
Gold:   189        SH: 10    Dex: 10    Spells: 2 memorised, 2 levels left

rFire  . . .     SeeInvis +     a - +0 war axe
rCold  . . .     Clarity  .     p - +0 chain mail
rNeg   . . .     SustAb   +     c - +0 shield
rPois  .         Gourm    .     (helmet unavailable)
rElec  .         Spirit   .     w - +0 cloak
rCorr  .         Warding  .     (no gloves)
rMut   .         Stasis   +     (no boots)
MR     .....                    (no amulet)
Stlth  ..........               v - ring of sustain abilities
                                h - ring of wizardry

@: not resistant to hostile enchantments, extremely unstealthy
A: permanent stasis, dig shafts and tunnels, four strong arms, antennae 3, claws
1, thin metallic scales 1, blurry vision 1
a: Dig, Shaft Self


You were on level 6 of the Dungeon.
You were hungry.

You visited 2 branches of the dungeon, and saw 7 of its levels.

You collected 189 gold pieces.

Inventory:

Hand weapons
 a - a +0 war axe (weapon)
Armour
 b - a +0 scale mail
 c - a +0 shield (worn)
 p - a +0 chain mail (worn)
 w - a +0 cloak (worn)
Jewellery
 h - a ring of wizardry (left claw)
 v - a ring of sustain abilities (right claw)
 B - an uncursed ring of see invisible {unknown}
Scrolls
 i - a scroll of magic mapping {unknown}
 k - 2 scrolls of enchant weapon {unknown}
 l - a scroll of fog {unknown}
 m - 4 scrolls of remove curse
 o - 3 scrolls of teleportation {unknown}
 s - 2 scrolls of blinking {unknown}
 z - a scroll of fear {unknown}
Potions
 f - a potion of flight
 n - 2 potions of brilliance
 q - a potion of cancellation
 r - 3 potions of curing
 x - a potion of magic
Books
 y - a book of Battle

   Spells                             Type                      Level
   a - Infusion                       Charms                       1
   b - Shroud of Golubria             Charms/Translocation         2
   c - Song of Slaying                Charms                       2
   d - Spectral Weapon                Hexes/Charms                 3
   e - Regeneration                   Charms/Necromancy            3
 A - a book of Hinderance

   Spells                             Type                      Level
   a - Confusing Touch                Hexes                        2
   b - Confuse                        Hexes                        3
   c - Petrify                        Transmutation/Earth          4
   d - Metabolic Englaciation         Hexes/Ice                    5
   e - Summon Mana Viper              Hexes/Summoning              5
   f - Gell's Gravitas                Hexes/Translocation          6
Comestibles
 d - 3 bread rations
 g - 3 meat rations
 u - a beef jerky


   Skills:
 * Level 6.3 Fighting
 * Level 5.9 Axes
 + Level 5.3 Armour
 + Level 3.0 Dodging
 + Level 5.7 Shields


You had 2 spell levels left.
You knew the following spells:

 Your Spells              Type           Power        Failure   Level  Hunger
a - Song of Slaying       Chrm           #.......     100%        2    ###....
b - Regeneration          Chrm/Necr      #.........   100%        3    ####...


Dungeon Overview and Level Annotations

Branches:
Dungeon (6/15)             Temple (1/1) D:4

Altars:
Ashenzari
Dithmenos
Fedhas
Gozag
Kikubaaqudgha
Makhleb
Qazlal
Ru
Sif Muna
Trog
Vehumet
Zin

Annotations:
D:6 Prince Ribbit


Innate Abilities, Weirdness & Mutations

You are under a permanent stasis effect.
You can dig through walls and to a lower floor.
Your four strong arms can wield two-handed weapons with a shield.
You have a pair of large antennae on your head (SInv).
You have sharp fingernails.
You are partially covered in thin metallic scales (AC +2).
Scrolls take you a little longer to read.


Message History

Prince Ribbit hits you but does no damage.
You miss Prince Ribbit.
Prince Ribbit is heavily wounded.
You block Prince Ribbit's attack. Prince Ribbit hits you!
* * * LOW HITPOINT WARNING * * *
Prince Ribbit momentarily phases out as your attack passes through him.
Prince Ribbit is heavily wounded.
Prince Ribbit hits you.
* * * LOW HITPOINT WARNING * * *
Prince Ribbit completely misses you.
You closely miss Prince Ribbit.
Prince Ribbit is heavily wounded.
You block Prince Ribbit's attack. x2
You miss Prince Ribbit.
Prince Ribbit is heavily wounded.
Prince Ribbit closely misses you.
You completely miss Prince Ribbit.
Prince Ribbit is heavily wounded.
You block Prince Ribbit's attack. Prince Ribbit hits you!
You die...

.....>.... . #.........!#
.#.........<##
..#....$........
...............
#...........# #......>..#
#### ###.........# ##..##
##.#...@.....# .....###
#)##...F....####
..###..####).........#....
## ###...........)....#
#.....##.......#..#
#.######..(%...##.# ##.###
##.....## #
###.^..#####).(..#
###.......)##)##.###


You could see Prince Ribbit.

Vanquished Creatures
  Purgy (D:3)
  An ogre (D:4)
  Sigmund (D:4)
  A scorpion (D:4)
  2 crimson imps (D:5)
  A gnoll shaman (D:6)
  2 iguanas
  2 orc priests
  A giant frog skeleton (D:4)
  6 hounds
  4 orc wizards
  A worker ant (D:5)
  Jessica (D:3)
  12 gnolls
  9 adders
  A giant mite (D:2)
  3 worms
  3 giant geckos
  3 oozes
  11 orcs
  13 bats
  12 hobgoblins
  A ball python (D:3)
  4 giant cockroaches
  5 giant newts
  14 goblins
  11 jackals
  16 kobolds
  4 quokkas
  15 rats
161 creatures vanquished.

Notes
Turn   | Place    | Note
--------------------------------------------------------------
     0 | D:1      | Herrn, the Formicid Fighter, began the quest for the Orb.
     0 | D:1      | Reached XP level 1. HP: 18/18 MP: 1/1
    47 | D:1      | Reached XP level 2. HP: 12/24 MP: 3/3
   478 | D:1      | Reached XP level 3. HP: 30/30 MP: 4/4
   818 | D:2      | Reached skill level 4 in Shields
   943 | D:2      | Reached XP level 4. HP: 37/37 MP: 5/5
  1022 | D:2      | Found a bloodstained altar of Trog.
  1334 | D:2      | Found an ancient bone altar of Kikubaaqudgha.
  1622 | D:2      | Reached XP level 5. HP: 39/42 MP: 7/7
  2426 | D:3      | Found a glowing silver altar of Zin.
  2432 | D:3      | Found a sacrificial altar of Ru.
  2548 | D:3      | Reached XP level 6. HP: 38/49 MP: 8/8
  2618 | D:3      | Noticed Purgy
  2637 | D:3      | Killed Purgy
  2637 | D:3      | Reached skill level 1 in Dodging
  2792 | D:3      | Noticed Jessica
  2799 | D:3      | Killed Jessica
  3031 | D:4      | Reached skill level 5 in Fighting
  3031 | D:4      | Reached XP level 7. HP: 47/56 MP: 9/9
  3118 | D:4      | Found a staircase to the Ecumenical Temple.
  3131 | Temple   | Entered the Ecumenical Temple
  3260 | D:4      | Reached skill level 5 in Shields
  3404 | D:4      | Found a blossoming altar of Fedhas.
  3714 | D:4      | Found a shattered altar of Ashenzari.
  3725 | D:4      | Reached XP level 8. HP: 33/63 MP: 11/11
  3896 | D:4      | Noticed Sigmund
  3920 | D:4      | Reached skill level 5 in Axes
  3942 | D:4      | Killed Sigmund
  4177 | D:5      | Entered Level 5 of the Dungeon
  4298 | D:5      | Reached skill level 5 in Armour
  4475 | D:5      | Reached skill level 6 in Fighting
  5067 | D:6      | Learned a level 2 spell: Song of Slaying
  5071 | D:6      | Learned a level 3 spell: Regeneration
  5334 | D:6      | Noticed Prince Ribbit
  5339 | D:6      | Gained mutation: You are partially covered in thin metallic scales (AC +2). [potion of mutation]
  5339 | D:6      | Gained mutation: You have sharp fingernails. [potion of mutation]
  5339 | D:6      | Gained mutation: Scrolls take you a little longer to read. [potion of mutation]
  5516 | D:6      | Slain by Prince Ribbit

Action                   |  1- 3 |  4- 6 |  7- 9 || total
-------------------------+-------+-------+-------++-------
Melee: War axe           |    88 |   185 |   332 ||   605
 Abil: Dig               |       |       |     2 ||     2
  Use: Potion            |       |     1 |     8 ||     9
       Scroll            |       |       |     8 ||     8
  Eat: Chunk             |       |     7 |     7 ||    14
       Pizza             |       |       |     1 ||     1
